AoeStats
← [RAT] G0rm

African Clearing

504560074Analyzed
3v3 RM · 27d ago on Sep 5, 2026· 29m 40s· 6 players
Game mode
Random Map
Map size
Normal (6 player)
Population
200
Speed
Normal
Resources
Standard
Victory
Conquest
Starting age
Dark Age
Ending age
Imperial Age
RankedLock teamsTeams togetherTeam positionsShared explorationLock speedFull tech treeHidden civsTurbo modeCheats
Victory
Defeat
🇳🇱 Mongols · Netherlands
1825
+6
🇳🇱 Georgians · Netherlands
1533
+16
🇷🇴 Jurchens · Romania
1456
+19
🇨🇭 Spanish · Switzerland
1551
-14
🇧🇪 Magyars · Belgium
1551
-14
🇲🇦 Mongols · Morocco
1539
-13
Whop
8:13 Loom
13:41 Feudal Age
17:49 Castle Age
15:57 Double-Bit Axe
19:26 Wheelbarrow
18:37 Town Watch
25:23 Scale Barding Armor
28:13 Husbandry
Samara
5:59 Loom
13:45 Feudal Age
18:50 Fletching
21:07 Fishing Lines
29:06 Castle Age
27:53 Double-Bit Axe
28:15 Horse Collar
29:10 Padded Archer Armor
29:44 Bodkin Arrow
30:26 Wheelbarrow
30:04 Bow Saw
29:48 Gillnets
flowaway4
9:32 Loom
11:53 Feudal Age
12:46 Town Watch
13:01 Double-Bit Axe
20:22 Castle Age
[LW] Faneth
10:51 Feudal Age
11:38 Double-Bit Axe
13:09 Fletching
20:15 Castle Age
21:18 Bodkin Arrow
22:01 Bow Saw
23:41 Loom
27:59 Ballistics
30:03 Wheelbarrow
[RAT] G0rm
13:58 Feudal Age
12:42 Loom
17:49 Castle Age
15:42 Double-Bit Axe
19:03 Bow Saw
20:37 Padded Archer Armor
25:37 Bloodlines
27:03 Scale Barding Armor
28:12 Forging
28:19 Horse Collar
29:16 Chain Barding Armor
30:45 Wheelbarrow
[RAT] Havik_AoE
3:10 Loom
12:49 Feudal Age
16:55 Double-Bit Axe
19:20 Castle Age
18:45 Scale Barding Armor
28:18 Husbandry
29:00 Bloodlines
30:01 Chain Barding Armor
Connection lost

Rejoining the realm…

Still unreachable

The connection could not be restored.

Session expired

The server has moved on; the page needs a fresh start.